 Dungeon Crawl Stone Soup version 0.22-a0-412-g2b68d14 (webtiles) character file.

107 Kairos the Shield-Bearer (level 5, 41/41 HPs)
             Began as a Human Fighter on May 12, 2018.
             Was a Follower of Trog.
             Quit the game on level 2 of the Dungeon.
             The game lasted 00:02:03 (1832 turns).

Kairos the Shield-Bearer (Human Fighter)            Turns: 1832, Time: 00:02:04

Health: 41/41      AC:  6    Str: 17    XL:     5   Next: 11%
Magic:  5/5        EV:  7    Int:  9    God:    Trog [*.....]
Gold:   82         SH:  9    Dex: 12    Spells: 4/4 levels left

rFire    . . .     SeeInvis .   a - +0 war axe
rCold    . . .     Gourm    .   c - +0 shield
rNeg     . . .     Faith    .   b - +0 scale mail
rPois    .         Spirit   .   (no helmet)
rElec    .         Reflect  .   (no cloak)
rCorr    +         Harm     .   (no gloves)
MR       .....                  (no boots)
Stlth    ..........             (no amulet)
HPRegen  0.13/turn              k - ring of resist corrosion
MPRegen  0.09/turn              (no ring)

@: no status effects
A: no striking features
a: Berserk, Renounce Religion


You were on level 2 of the Dungeon.
You worshipped Trog.
Trog was aware of your devotion.
You were not hungry.

You visited 1 branch of the dungeon, and saw 2 of its levels.

You collected 82 gold pieces.

Inventory:

Hand Weapons
 a - a +0 war axe (weapon)
Armour
 b - a +0 scale mail (worn)
 c - a +0 shield (worn)
Jewellery
 k - a ring of resist corrosion (left hand)
Wands
 u - a wand of enslavement (15)
Scrolls
 e - 4 scrolls of remove curse {unknown}
 g - 4 scrolls of identify {unknown}
 h - a scroll of immolation {unknown}
 j - 3 scrolls of noise {unknown}
 o - 3 scrolls of teleportation {unknown}
 q - a scroll of blinking {unknown}
Potions
 d - a potion of might
 i - a potion of degeneration {unknown}
 l - a potion of invisibility {unknown}
 m - a potion of mutation {unknown}
 n - 2 potions of agility {unknown}
 p - 2 potions of heal wounds
 r - a potion of curing {unknown}
 t - a potion of resistance {unknown}
Comestibles
 f - 4 rations


   Skills:
 + Level 3.4 Fighting
 + Level 3.6 Axes
 + Level 3.3 Armour
 + Level 0.4 Dodging
 + Level 3.6 Shields


You had 4 spell levels left.
You didn't know any spells.
Your spell library was empty.

Dungeon Overview and Level Annotations

Branches:
Dungeon (2/15)

Altars:
Dithmenos
Kikubaaqudgha
Trog


Message History

No target in view!
You see here 20 arrows.
All of the chunks of flesh in your inventory have rotted away.
Done exploring.
No target in view!
No target in view!
Done exploring.
Done exploring.
Done exploring.
You see here a kobold corpse.
There is a faded altar of an unknown god here.
You cannot tell which god this altar belongs to.
Convert to them anyway?
Okay, then.
You cannot tell which god this altar belongs to.
Convert to them anyway?
Trog accepts your prayer! Trog welcomes you!
You can now go berserk at will.
Done exploring.
There is a stone staircase leading down here.
Are you sure you want to abandon this character and quit the game? (Confirm with "yes".)

####### #.# #.# ......# #.#
########### ..###.#
#.#####.......... ....#.#
#......#...#...#. ....#.#
#########.........†. ....#.#
#.........#...#...#. ....#.#
#.######.>..........
#...#.########.#### #..##########
#.#.#.##........@.# #..##........
#.#.#.##...(......# #..##........
#.#.#.............# #..##........
#.#.####..........###..##........
#.#.# #.........................
#.#.# #..........#######........
#.#.# ######.#.##......#........
#.#.######....#.##............###
#.#......#.##.#.##............#


There were no monsters in sight!

Vanquished Creatures
  Jessica (D:2)
  2 adders (D:2)
  2 oozes
  2 worms (D:2)
  3 dart slugs
  A leopard gecko (D:2)
  4 bats
  A giant cockroach (D:1)
  5 goblins
  7 hobgoblins
  9 kobolds
  2 frilled lizards
  7 rats
46 creatures vanquished.

Notes
Turn   | Place    | Note
-------+----------+-------------------------------------------
     0 | D:1      | Kairos the Human Fighter began the quest for the Orb.
     0 | D:1      | Reached XP level 1. HP: 18/18 MP: 1/1
    87 | D:1      | Reached XP level 2. HP: 24/24 MP: 2/2
   375 | D:1      | Reached XP level 3. HP: 26/29 MP: 3/3
   919 | D:2      | Found a shadowy altar of Dithmenos.
   991 | D:2      | Reached XP level 4. HP: 17/35 MP: 4/4
  1001 | D:2      | Found an ancient bone altar of Kikubaaqudgha.
  1419 | D:2      | Found a shadowy altar of Dithmenos.
  1522 | D:2      | Noticed Jessica
  1526 | D:2      | Killed Jessica
  1526 | D:2      | Reached XP level 5. HP: 41/41 MP: 5/5
  1691 | D:2      | Found a faded altar of an unknown god.
  1803 | D:2      | Became a worshipper of Trog the Wrathful
  1803 | D:2      | Reached * piety under Trog
  1832 | D:2      | Quit the game

Vault maps used:
D:1:      dpeg_arrival_more_subterranean_lakeside_camping, interstate_on_off
D:2:      lemuel_crystal_altar, lemuel_coloured_pillars_altar,
          chequers_ecumenical_altar_twisty, nicolae_dithmenos_shadow_blocks,
          uniq_jessica

Skill      XL: |  1  2  3 |
---------------+----------+-----
Axes           | 3 |  3.6
Fighting       | |  3.4
Armour         | |  3.3
Dodging        | |  0.4
Shields        | |  3.6

Action                   |  1- 3 |  4- 6 || total
-------------------------+-------+-------++-------
Melee: War axe           |    73 |    41 ||   114
  Use: Potion            |       |     1 ||     1
  Eat: Chunk             |       |     3 ||     3
Armor: Scale mail        |    30 |    23 ||    53
Dodge: Dodged            |    15 |    15 ||    30
Block: Shield            |    33 |    10 ||    43

Table legend:
 A = Spawn XP
 B = Non-spawn XP
 C = Spawn XP percentage of total XP
 D = Spawn monster count
 E = Non-spawn monster count
 F = Spawn count percentage of total count
 G = Total turns spent on level
                    A         B        C        D         E        F      G
               +---------+---------+-------+---------+---------+-------+---------
         Total |       0 |     154 |   0.0 |       0 |      46 |   0.0 |  1832
               +---------+---------+-------+---------+---------+-------+---------
           D:1 |       0 |      46 |   0.0 |       0 |      23 |   0.0 |   849
           D:2 |       0 |     108 |   0.0 |       0 |      23 |   0.0 |   983
               +---------+---------+-------+---------+---------+-------+---------
